 Dungeon Crawl Stone Soup version 0.17-a0-124-gc3c9679 (webtiles) character file.

122 HAL9000 the Cudgeler (level 5, -2/53 HPs)
             Began as an Ogre Hunter on Mar 22, 2015.
             Slain by an orc
             ... wielding a +0 hand axe
              (6 damage)
             ... on level 3 of the Dungeon.
             The game lasted 00:05:31 (2358 turns).

HAL9000 the Cudgeler (Ogre Hunter)                  Turns: 2358, Time: 00:05:31

Health: -2/53      AC:  3    Str: 17    XL:     5   Next: 6%
Magic:  5/5        EV: 10    Int: 10    God:
Gold:   134        SH:  0    Dex: 11    Spells: 0 memorised, 4 levels left

rFire  . . .     SeeInvis .     q - +0 flail
rCold  . . .     Clarity  .     d - +0 animal skin
rNeg   . . .     SustAb   .     (shield restricted)
rPois  .         Gourm    .     (helmet restricted)
rElec  .         Spirit   .     (no cloak)
rCorr  .         Warding  .     (gloves unavailable)
rMut   .         Stasis   .     (boots unavailable)
MR     .....                    (no amulet)
Stlth  +.........               (no ring)
                                (no ring)

@: not resistant to hostile enchantments, very unstealthy
A: unfitting armour, tough skin 1
a: no special abilities


You were on level 3 of the Dungeon.
You were not hungry.

You visited 1 branch of the dungeon, and saw 3 of its levels.

You collected 134 gold pieces.

Inventory:

Hand weapons
 q - a +0 flail (weapon)
Missiles
 b - 5 large rocks (quivered)
 c - 2 throwing nets
 x - 2 tomahawks
Armour
 d - a +0 animal skin (worn)
Scrolls
 u - a scroll of magic mapping {unknown}
 v - a scroll of enchant weapon
Potions
 g - a potion of cancellation
 s - a potion of brilliance
Comestibles
 f - 3 meat rations
 j - 3 bread rations
 k - 2 beef jerkies
 m - a slice of pizza
 w - a chunk of flesh


   Skills:
 - Level 3.6 Fighting
 + Level 5.1 Maces & Flails
 - Level 4.6 Throwing
 - Level 1.7 Dodging
 - Level 0.7 Stealth


You had 4 spell levels left.
You didn't know any spells.

Dungeon Overview and Level Annotations

Branches:
Dungeon (3/15)

Altars:
Fedhas
Sif Muna
Trog
The Shining One


Innate Abilities, Weirdness & Mutations

You are too large for most types of armour.
You have tough skin (AC +1).


Message History

The orc hits you with a club. The orc closely misses you.
You sock the orc!
You kill the orc!
The orc hits you with a hand axe.
You hit the orc but do no damage. The orc hits you with a hand axe.
You closely miss the orc. The orc hits you with a hand axe.
* * * LOW HITPOINT WARNING * * *
You barely miss the orc. The orc hits you with a hand axe.
* * * LOW HITPOINT WARNING * * *
You hit the orc.
The orc is severely wounded.
The orc hits you but does no damage.
You barely miss the orc.
The orc is severely wounded.
The orc hits you with a hand axe.
* * * LOW HITPOINT WARNING * * *
You closely miss the orc.
The orc is severely wounded.
The orc hits you with a hand axe.
You die...

....# #.#.!#
.#### #..#.##
..## ##....###
...#####
###..†.###
.#.....#
###....#
_..###..#
#..#..# .###
########.##.##
.#
.......#))#..#
## #..@)...#
## ####o#....#
.# ....... ..#
..###.# . ...
.... ....#
.... .


You could see an orc.

Vanquished Creatures
  An orc priest (D:3)
  3 adders
  A worm (D:2)
  An ooze (D:1)
  5 orcs (D:3)
  3 ball pythons
  3 giant cockroaches
  8 goblins
  A hobgoblin (D:1)
  3 jackals (D:3)
  4 kobolds
  9 bats
  4 giant geckos
  5 giant newts
  3 rats
54 creatures vanquished.

Vanquished Creatures (others)
  A plant (D:2)
1 creature vanquished.

Grand Total: 55 creatures vanquished

Notes
Turn   | Place    | Note
--------------------------------------------------------------
     0 | D:1      | HAL9000, the Ogre Hunter, began the quest for the Orb.
     0 | D:1      | Reached XP level 1. HP: 22/22 MP: 1/1
   327 | D:1      | Reached XP level 2. HP: 31/31 MP: 2/2
   634 | D:1      | Reached skill level 1 in Maces & Flails
  1025 | D:1      | Reached XP level 3. HP: 27/37 MP: 3/3
  1433 | D:2      | Found a deep blue altar of Sif Muna.
  1631 | D:2      | Reached XP level 4. HP: 23/46 MP: 4/4
  1993 | D:2      | Found a blossoming altar of Fedhas.
  2227 | D:3      | Found a glowing golden altar of the Shining One.
  2244 | D:3      | Found a bloodstained altar of Trog.
  2351 | D:3      | Reached skill level 5 in Maces & Flails
  2351 | D:3      | Reached XP level 5. HP: 25/53 MP: 5/5
  2358 | D:3      | Slain by an orc

Action                   |  1- 3 |  4- 6 || total
-------------------------+-------+-------++-------
Melee: Short sword       |    62 |       ||    62
       Whip              |    92 |       ||    92
       Flail             |    31 |    48 ||    79
Throw: Large rock        |     5 |     1 ||     6
  Use: Scroll            |     5 |     3 ||     8
 Stab: Sleeping          |     2 |       ||     2
  Eat: Chunk             |     2 |     3 ||     5
